 Dungeon Sprint DCSS version 0.30-a0-210-g01b79a254e (webtiles) character file.

Game seed: 6122600518860074038

616 rocky1 the Basher (level 7, 0/75 HPs)
             Began as an Ogre Gladiator on Oct 5, 2022.
             Was an Initiate of Gozag.
             Slain by a merfolk
             ... wielding a +0 trident
              (17 damage)
             ... in the Dungeon (Sprint VII: "The Pits").
             The game lasted 00:03:01 (1411 turns).

rocky1 the Basher (Ogre Gladiator)                  Turns: 1411, Time: 00:03:01

Health: 0/75       AC:  3    Str: 21    XL:     7   Next: 45%
Magic:  7/7        EV: 11    Int:  9    God:    Gozag
Gold:   927        SH:  0    Dex: 10    Spells: 6/6 levels left

rFire   . . .      SeeInvis .    a - +0 flail
rCold   . . .      Faith    .    (no shield)
rNeg    . . .      Spirit   .    b - +0 robe
rPois   .          Reflect  .    c - +0 hat
rElec   .          Harm     .    (no cloak)
rCorr   .          Rampage  .    (gloves unavailable)
Will    .....      NoTele   +    (boots unavailable)
Stlth   +.........               (no amulet)
HPRegen 0.32/turn                (no ring)
MPRegen 0.10/turn                (no ring)

@: no status effects
A: large, unfitting armour, tough skin 1
a: Renounce Religion, Potion Petition, Call Merchant, Bribe Branch


You were in the Dungeon.
You worshipped Gozag.
Gozag was pleased with you.
You visited 1 branch You collected 927 gold pieces.

Inventory:

Hand Weapons
 a - a +0 flail (weapon)
Armour
 b - a +0 robe (worn)
 c - a +0 hat (worn)
Wands
 d - a wand of charming (7)
Scrolls
 k - a scroll of blinking
 m - 5 scrolls of amnesia
 n - a scroll of summoning
Potions
 f - 6 potions of curing
 g - 5 potions of heal wounds
 h - a potion of haste
 i - 4 potions of magic
 j - 2 potions of berserk rage
 l - 2 potions of invisibility


   Skills:
 + Level 6.0 Fighting
 - Level 12.4 Maces & Flails
 + Level 4.5 Throwing
 + Level 3.2 Armour
 + Level 4.6 Dodging


You had 6 spell levels left.
You didn't know any spells.
Your spell library was empty.

Dungeon Overview and Level Annotations

Branches:
Dungeon (1/1)

Altars:
Ashenzari
Cheibriados
Dithmenos
Elyvilon
Fedhas
Gozag
Hepliaklqana
Kikubaaqudgha
Makhleb
Nemelex Xobeh
Okawaru
Qazlal
Ru
Sif Muna
Trog
Uskayaw
Vehumet
Wu Jian
Xom
Yredelemnul
Zin
The Shining One
Jiyva
Lugonu


Innate Abilities, Weirdness & Mutations

You are too large for most types of armour.
You have tough skin. (AC +1)


Message History

You kill Ijyb!
Your Fighting skill increases to level 6!
You now have 927 gold pieces (gained 54).
d - a wand of charming (7)
There is an open door, spattered with blood here.
Things that are here:
a +0 club; a +2 leather armour of cold resistance
e - a large rock
There is an open door, spattered with blood here.
Things that are here:
a +0 club; a +2 leather armour of cold resistance You start resting.
HP restored.
There is an open door, spattered with blood here.
Things that are here:
a +0 club; a +2 leather armour of cold resistance You open the door.
A merfolk comes into view. It is wielding a +0 trident.
The merfolk shouts!
The merfolk hits you from afar with a +0 trident!
Throw: large rock
Press: ? - help, Q - select action, (/) - cycle Shift-Dir - straight line, f - merfolk
Aim: a merfolk, wielding a +0 trident and quivering boomerangs (55% to hit)
You throw a large rock. The large rock hits the merfolk.
The merfolk is lightly wounded.
The merfolk hits you from afar with a +0 trident!
The merfolk hits you from afar with a +0 trident.
The merfolk hits you with a +0 trident!
There is an open door here.
You closely miss the merfolk.
The merfolk is lightly wounded.
You barely miss the merfolk.
The merfolk is lightly wounded.
The merfolk hits you with a +0 trident!!
* * * LOW HITPOINT WARNING * * *
You sock the merfolk!
The merfolk is moderately wounded.
The merfolk hits you with a +0 trident!
You die...
Your body crumbles into a pile of gold.

#.#........##.......#
#)#........##.......#
#'###########.......#
#)......# #########
#...#...# #...#...#
#.##.##.#+#
#...#...#m+
#...#...#@#
#.......).#
###########


You could see a merfolk.

Vanquished Creatures
  A flying skull (D)
  A fire bat (D)
  A floating eye (D)
  A bullfrog (D)
  A scorpion (D)
  An orc priest (D)
  Ijyb (D)
  An orc wizard (D)
  An adder (D)
  A river rat (D)
  An ufetubus (D)
  An adder zombie (D)
  2 orcs (D)
  2 giant cockroaches (D)
  A quokka (D)
  A bat (D)
  A rat (D)
19 creatures vanquished.

Notes
Turn   | Place    | Note
-------+----------+-------------------------------------------
     0 | D        | rocky1 the Ogre Gladiator began the quest for the Orb.
     0 | D        | Reached XP level 1. HP: 22/22 MP: 1/1
    20 | D        | Reached skill level 3 in Maces & Flails
    46 | D        | Found a bloodstained altar of Trog.
    46 | D        | Found a shimmering blue altar of Sif Muna.
    46 | D        | Found a viscous altar of Jiyva.
    46 | D        | Found a hazy altar of Hepliaklqana.
    46 | D        | Found an opulent altar of Gozag.
    47 | D        | Found a glowing golden altar of the Shining One.
    47 | D        | Found a glowing silver altar of Zin.
    47 | D        | Found a basalt altar of Yredelemnul.
    47 | D        | Found a shimmering altar of Xom.
    47 | D        | Found an ornate altar of the Wu Jian Council.
    47 | D        | Found a sacrificial altar of Ru.
    47 | D        | Found a stormy altar of Qazlal.
    47 | D        | Found an iron altar of Okawaru.
    47 | D        | Found a sparkling altar of Nemelex Xobeh.
    47 | D        | Found a burning altar of Makhleb.
    47 | D        | Found a blossoming altar of Fedhas.
    47 | D        | Found a white marble altar of Elyvilon.
    47 | D        | Found a shadowy altar of Dithmenos.
    47 | D        | Found a snail-covered altar of Cheibriados.
    50 | D        | Found a corrupted altar of Lugonu.
    50 | D        | Found a radiant altar of Vehumet.
    51 | D        | Found an ancient bone altar of Kikubaaqudgha.
    51 | D        | Found a hide-covered altar of Uskayaw.
    51 | D        | Found a broken altar of Ashenzari.
    58 | D        | Became a worshipper of Gozag Ym Sagoz the Greedy
    72 | D        | Noticed a scorpion
    84 | D        | Killed a scorpion
    85 | D        | Reached skill level 7 in Maces & Flails
    85 | D        | Reached XP level 2. HP: 9/29 MP: 2/2
    85 | D        | Reached XP level 3. HP: 11/36 MP: 3/3
    85 | D        | Reached XP level 4. HP: 14/44 MP: 4/4
   502 | D        | Noticed a floating eye
   503 | D        | Noticed a flying skull
   512 | D        | Paralysed by a floating eye for 2 turns
   518 | D        | Killed a flying skull
   519 | D        | Reached skill level 11 in Maces & Flails
   519 | D        | Reached XP level 5. HP: 12/50 MP: 5/5
   519 | D        | Reached XP level 6. HP: 15/59 MP: 6/6
   519 | D        | Killed a floating eye
   520 | D        | Reached skill level 12 in Maces & Flails
   529 | D        | HP: 2/59 [quokka (3)]
   928 | D        | Reached skill level 1 in Armour
   936 | D        | Reached XP level 7. HP: 46/71 MP: 7/7
   941 | D        | Noticed a fire bat
  1117 | D        | Killed a fire bat
  1118 | D        | Reached skill level 5 in Fighting
  1324 | D        | Noticed Ijyb
  1338 | D        | Killed Ijyb
  1406 | D        | Noticed a merfolk
  1411 | D        | Slain by a merfolk

Illustrated notes

Levels and vault maps discovered:
D:        pitsprint [storerooms_1, entrance_room_1, metal_vault_5, armoury_2,
          mini_pit_1, grid_room_1, main_hall_1, silver_pit, the_coven_3,
          the_vestibule_1, steel_vault_5, golden_pit, hallway_of_sentries,
          crystal_vault_3, iron_vault_4, final_vault]

Skill      XL: |  1  2  3  4  5  6  7 |
---------------+----------------------+-----
Maces & Flails | 7 11 12 | 12.4
Fighting       | 4 6 |  6.0
Dodging        | 3 4 |  4.6
Armour         | 2 3 |  3.2
Throwing       | 3 4 |  4.5

Action                   |  1- 3 |  4- 6 |  7- 9 || total
-------------------------+-------+-------+-------++-------
Melee: Flail             |    13 |    60 |    35 ||   108
Throw: Throwing net      |     3 |       |     2 ||     5
       Large rock        |       |       |     3 ||     3
  Use: Potion            |       |     2 |       ||     2
 Stab: Held in net/web   |     1 |       |       ||     1
Armor: Robe              |     5 |    20 |     6 ||    31
Dodge: Dodged            |     7 |    29 |    18 ||    54

Table legend: (Time is in decaauts)
 A = Elapsed time spent in this place.
 B = Non-inter-level travel time spent in this place.
 C = Inter-level travel time spent in this place.
 D = Time resting spent in this place.
 E = Time spent auto-exploring this place.
 F = Levels seen in this place.
 G = Mean time per level.
                   A        B        C        D        E       F      G
               +--------+--------+--------+--------+--------+-----+--------+
         Total |   1410 |   1390 |     20 |   1026 |      0 |   1 | 1410.0 |
       Dungeon |   1410 |   1390 |     20 |   1026 |      0 |   1 | 1410.0 |
               +--------+--------+--------+--------+--------+-----+--------+

Top non-repeatable levels by time:
       D: 1410 daAuts
